 Dungeon Crawl Stone Soup version 0.27.0-1-g7a089689b8 (webtiles) character file.

Game seed: 4671382403134057479

6 polio18 the Skirmisher (level 1, 0/19 HPs)
             Began as a Barachi Fighter on Aug 3, 2021.
             Slain by a quokka (1 damage)
             ... on level 1 of the Dungeon.
             The game lasted 00:01:09 (251 turns).

polio18 the Skirmisher (Barachi Fighter)             Turns: 251, Time: 00:01:09

Health: 0/19       AC:  7    Str: 17    XL:     1   Next: 90%
Magic:  1/1        EV:  7    Int:  8    God:
Gold:   0          SH:  9    Dex: 11    Spells: 0/0 levels left

rFire    . . .     SeeInvis .   a - +0 long sword
rCold    . . .     Faith    .   c - +0 kite shield
rNeg     . . .     Spirit   .   b - +0 scale mail
rPois    .         Reflect  .   (no helmet)
rElec    .         Harm     .   (no cloak)
rCorr    .         Rampage  .   (no gloves)
Will     .....                  (no boots)
Stlth    ..........             (no amulet)
HPRegen  0.06/turn              (no ring)
MPRegen  0.07/turn              (no ring)

@: slow
A: amphibious, slowness 1, strong legs 1, +LOS
a: Hop


You were on level 1 of the Dungeon.
You visited 1 branch of the dungeon, and saw 1 of its levels.

Inventory:

Hand Weapons
 a - a +0 long sword (weapon)
Armour
 b - a +0 scale mail (worn)
 c - a +0 kite shield (worn)
Scrolls
 e - a scroll of amnesia {unknown}
Potions
 d - a potion of might


   Skills:
 + Level 3.8 Fighting
 + Level 2.5 Long Blades
 + Level 3.7 Armour
 + Level 3.4 Shields


You couldn't memorise any spells.
You didn't know any spells.
Your spell library was empty.

Dungeon Overview and Level Annotations

Branches:
Dungeon (1/15)

Altars:


Innate Abilities, Weirdness & Mutations

You are amphibious.
You cover ground slowly.
You can hop short distances.
You have an extended range of vision and can be seen from far away.


Message History

The endoplasm quivers.
You slash the endoplasm!
You kill the endoplasm!
Items here: ( ) ††.
Okay, then.
HP restored.
Found a quarterstaff.
A quokka comes into view.
You barely miss the quokka. You block the quokka's attack. x2
You completely miss the quokka. You block the quokka's attack.
The quokka bites you.
You barely miss the quokka. You block the quokka's attack.
The quokka bites you but does no damage.
You hit the quokka but do no damage. The quokka bites you.
You closely miss the quokka. The quokka barely misses you.
The quokka bites you but does no damage.
You closely miss the quokka. You block the quokka's attack.
The quokka bites you but does no damage.
You barely miss the quokka.
The quokka bites you but does no damage.
The quokka bites you.
You hit the quokka but do no damage. You block the quokka's attack.
Your shield prevents you from hitting the quokka.
You block the quokka's attack.
The quokka bites you but does no damage.
You closely miss the quokka. The quokka bites you.
You block the quokka's attack.
You hit the quokka but do no damage. The quokka bites you.
* * * LOW HITPOINT WARNING * * *
You block the quokka's attack.
You barely miss the quokka.
The quokka bites you but does no damage.
You block the quokka's attack.
You closely miss the quokka. You block the quokka's attack.
You closely miss the quokka. The quokka bites you.
* * * LOW HITPOINT WARNING * * *
The quokka bites you.
* * * LOW HITPOINT WARNING * * *
You barely miss the quokka. The quokka bites you.
You die...

####.# #....# #.##.#
#.##.# ####.##.#
#.......#
#.......#########
+>...............
###@......########.
#......r.......#
#........##.##.########
#.......>..............
#...)....#####.########
#........# #)#
#........# #.# ####+##
#........# #.# #......
#.###+#### #.# #.8.8.8


You could see a quokka.

Vanquished Creatures
  2 endoplasms (D:1)
  A giant cockroach (D:1)
  2 kobolds (D:1)
  A rat (D:1)
6 creatures vanquished.

Notes
Turn   | Place    | Note
-------+----------+-------------------------------------------
     0 | D:1      | polio18 the Barachi Fighter began the quest for the Orb.
     0 | D:1      | Reached XP level 1. HP: 18/18 MP: 1/1
   251 | D:1      | Slain by a quokka

Illustrated notes

Levels and vault maps discovered:
D:1:      doesnt_arrival_eight_statues, layout_basic,
          hellmonk_ecumenical_altar_arch_garden, nrook_loot_triangle

Action                   || total
-------------------------++-------
Melee: Long sword        ||    38
Armor: Scale mail        ||    15
Dodge: Dodged            ||     8
Block: Kite shield       ||    24
